 Dungeon Crawl Stone Soup version 0.27-a0-1071-ga85bd9520d (webtiles) character file.

Game seed: 10069807870801718559

3679 wakim the Martial Artist (level 10, -5/66 HPs)
             Began as an Octopode Transmuter on Apr 24, 2021.
             Was a Follower of Makhleb.
             Slain by a cyan ugly thing (14 damage)
             ... on level 6 of the Dungeon.
             The game lasted 00:42:54 (12810 turns).

wakim the Martial Artist (Octopode Transmuter)     Turns: 12810, Time: 00:42:55

Health: -5/66      AC:  3    Str: 10    XL:     10   Next: 13%
Magic:  16/16      EV: 14    Int: 21    God:    Makhleb [*.....]
Gold:   588        SH: 10    Dex: 21    Spells: 4/17 levels left

rFire    + . .     SeeInvis +     - Unarmed
rCold    + . .     Faith    .   b - +0 kite shield
rNeg     . . .     Spirit   .   g - +2 hat {Stlth+}
rPois    .         Reflect  .   j - amulet of magic regeneration
rElec    .         Harm     .   e - ring of wizardry
rCorr    +         Rampage  .   h - ring "Eneomnis" {Fly rF+ Dex+3}
Will     .....                  a - ring of Acigiatu {rC+ rCorr Int+2 SInv}
Stlth    +++++.....             c - +6 ring of dexterity
HPRegen  0.21/turn              (no ring)
MPRegen  0.40/turn              (no ring)
                                (no ring)
                                (no ring)

@: flying
A: almost no armour, amphibious, 8 rings, camouflage 1, gelatinous body 1,
(nimble swimmer 1), tentacles
a: Renounce Religion


You were on level 6 of the Dungeon.
You worshipped Makhleb.
Makhleb was aware of your devotion.
You visited 2 branches of the dungeon, and saw 8 of its levels.

You collected 588 gold pieces.

Inventory:

Missiles
 f - 3 throwing nets {=f!f}
Armour
 b - a +0 kite shield (worn)
 g - a +2 hat of stealth (worn)
Jewellery
 a - the ring of Acigiatu (on tentacle) {rC+ rCorr Int+2 SInv}
   (You acquired it on level 2 of the Dungeon)

   [ring of protection from cold]

   It affects your intelligence (+2).
   It protects you from cold.
   It lets you see invisible.
   It protects you from acid and corrosion.
 c - a +6 ring of dexterity (on tentacle)
 e - a ring of wizardry (left tentacle)
 h - the ring "Eneomnis" (right tentacle) {Fly rF+ Dex+3}
   (You acquired it on level 2 of the Dungeon)

   [ring of flight]

   It affects your dexterity (+3).
   It protects you from fire.
   It grants you flight.
 j - an amulet of magic regeneration (around mantle)
Wands
 u - a wand of mindburst (14)
 v - a wand of flame (7)
Scrolls
 d - a scroll of noise {unknown}
 k - 2 scrolls of enchant armour
 m - 2 scrolls of enchant weapon
 r - a scroll of identify
 T - 3 scrolls of teleportation
 Y - a scroll of blinking {!r}
Potions
 i - 2 potions of lignification {unknown}
 C - a potion of berserk rage {!q}
 D - a potion of brilliance
 F - 3 potions of curing


   Skills:
 - Level 5.0 Fighting
 * Level 4.8 Dodging
 + Level 4.1 Stealth
 - Level 5.0 Shields
 - Level 8.0 Unarmed Combat
 - Level 4.0 Spellcasting
 * Level 6.8 Transmutations
 + Level 3.0 Invocations


You had 4 spell levels left.
You knew the following spells:

 Your Spells              Type           Power      Damage    Failure   Level
a - Beastly Appendage     Tmut           66%        N/A       1%          1
b - Hydra Form            Tmut           16%        N/A       28%         5
c - Ice Form              Ice/Tmut       18%        N/A       38%         4
x - Spider Form           Tmut/Pois      9%         N/A       13%         3

Your spell library contained the following spells:

 Spells                   Type           Power      Damage    Failure   Level
 Wereblood                Tmut           33%        N/A       1%          2
 Foxfire                  Conj/Fire      16%        2x1d4     17%         1
 Conjure Flame            Conj/Fire      4%         6-21      45%         3
 Inner Flame              Hex/Fire       4%         N/A       45%         3
 Sticky Flame             Conj/Fire      4%         2d3       83%         4
 Fireball                 Conj/Fire      2%         3d4       99%         5


Dungeon Overview and Level Annotations

Branches:
Dungeon (7/15)             Temple (1/1) D:4

Altars:
Ashenzari
Cheibriados
Dithmenos
Elyvilon
Fedhas
Gozag
Hepliaklqana
Kikubaaqudgha
Makhleb
Okawaru
Qazlal
Ru
Sif Muna
Trog
Vehumet
Xom
Zin
Beogh

Shops:
D:1 (

Annotations:
D:4 Sigmund
D:5 3 runed translucent doors, bmj180's ghost, novice DrCj


Innate Abilities, Weirdness & Mutations

You cannot wear most types of armour.
You are amphibious.
You can wear up to eight rings at the same time.
Your skin changes colour to match your surroundings (Stealth+).
Your rubbery body absorbs attacks. (AC +1, EV +1)
((You are camouflaged near water. (Stealth+)))
You have tentacles for arms and can constrict up to eight enemies at once.


Message History

The vampire mosquito is moderately damaged.
The vampire mosquito bites you!
* * * LOW HITPOINT WARNING * * *
The vampire mosquito draws strength from your injuries!
The vampire mosquito bites you!
* * * LOW HITPOINT WARNING * * *
The vampire mosquito draws strength from your injuries!
You punch the vampire mosquito! You freeze the vampire mosquito!
The vampire mosquito is almost destroyed.
The vampire mosquito completely misses you.
You hit the vampire mosquito. You freeze the vampire mosquito.
You destroy the vampire mosquito!
Makhleb accepts your kill.
Things that are here:
a +0 chain mail; a +0 scimitar; a vampire mosquito corpse You start resting.
Magic restored.
Your magical contamination has completely faded away.
Your transformation is almost over.
You warm up again.
Your +2 hat of stealth unmelds from your body.
Your +0 kite shield unmelds from your body.
You feel stealthy.
HP restored.
There is a stone staircase leading down, spattered with blood here.
You fly downwards.
The cyan ugly thing trunk-slaps you! The cyan ugly thing shocks you!
The cyan ugly thing trunk-slaps you. The cyan ugly thing shocks you!
* * * LOW HITPOINT WARNING * * *
There is a stone staircase leading up, spattered with blood here.
The cyan ugly thing trunk-slaps you.
* * * LOW HITPOINT WARNING * * *
The cyan ugly thing shocks you!
* * * LOW HITPOINT WARNING * * *
You fly upwards.
There is a stone staircase leading down, spattered with blood here.
You feel better. The cyan ugly thing trunk-slaps you.
* * * LOW HITPOINT WARNING * * *
The cyan ugly thing shocks you!
You die...

#..............##.
##...........####.
###...........###.
##.###.............
###...#.......##.....
#....................
#....................
##.##.#..............
#...@.......#........
##..u[.....(.........
####........#.......
#.....####.......
####...##..(.....
#.....#..#......
##.......#......
####.)..##.....
##..<........


You could see a cyan ugly thing.

Vanquished Creatures
  A wraith (D:7)
  2 vampire mosquitoes
  4 steam dragons (D:7)
  A water moccasin (D:6)
  2 ice beasts
  A sky beast (D:7)
  4 orc warriors
  2 necrophages
  4 ogres
  A phantom (D:5)
  A centaur (D:7)
  2 bullfrogs
  A gnoll sergeant (D:7)
  3 scorpions
  A water moccasin zombie (D:7)
  3 hounds
  3 bullfrog zombies
  3 orc priests
  2 bullfrog skeletons
  A gnoll shaman (D:5)
  3 jellies
  3 centaur skeletons
  2 scorpion zombies (D:5)
  2 iguanas
  2 orc wizards
  A mummy (D:5)
  A howler monkey zombie (D:7)
  5 gnolls
  A howler monkey skeleton (D:7)
  2 adders (D:5)
  3 white imps
  An ufetubus (D:6)
  A worm (D:3)
  3 dart slugs
  12 orcs
  A ball python (D:2)
  8 endoplasms
  A giant cockroach (D:1)
  8 hobgoblins
  10 jackals
  4 quokkas
  6 bats
  2 frilled lizards
  6 goblins
  2 hobgoblin zombies (D:5)
  6 kobolds
  2 orc zombies (D:5)
  4 rats
144 creatures vanquished.

Vanquished Creatures (others)
  A gnoll (D:5)
  A shadow imp (D:7)
  A plant (Temple)
3 creatures vanquished.

Grand Total: 147 creatures vanquished

Notes
Turn   | Place    | Note
-------+----------+-------------------------------------------
     0 | D:1      | wakim the Octopode Transmuter began the quest for the Orb.
     0 | D:1      | Reached XP level 1. HP: 13/13 MP: 3/3
    57 | D:1      | Found Zerevupn's Antique Weapon Emporium.
   270 | D:1      | Reached skill level 1 in Stealth
   462 | D:1      | Reached XP level 2. HP: 14/18 MP: 3/5
  1574 | D:2      | Reached XP level 3. HP: 19/23 MP: 4/6
  1680 | D:2      | Learned a level 3 spell: Spider Form
  1860 | D:2      | Identified 3 scrolls of acquirement
  1860 | D:2      | Acquired a +1 hat of stealth
  1867 | D:2      | Acquired the ring "Eneomnis" {Fly rF+ Dex+3}
  1870 | D:2      | Acquired the ring of Acigiatu {rC+ rCorr Int+2 SInv}
  2674 | D:2      | Reached XP level 4. HP: 29/29 MP: 4/7
  3630 | D:3      | Found a faded altar of an unknown god.
  3783 | D:3      | Reached skill level 4 in Unarmed Combat
  3819 | D:3      | Reached XP level 5. HP: 19/34 MP: 4/8
  4366 | D:4      | Found a staircase to the Ecumenical Temple.
  4371 | Temple   | Entered the Ecumenical Temple
  4448 | Temple   | Became a worshipper of Makhleb the Destroyer
  4935 | D:4      | Reached skill level 1 in Invocations
  5005 | D:4      | Reached XP level 6. HP: 39/41 MP: 9/9
  5110 | D:4      | Noticed Sigmund
  5437 | D:4      | Found a shimmering blue altar of Sif Muna.
  5486 | D:5      | Entered Level 5 of the Dungeon
  5546 | D:5      | Found a runed translucent gate.
  5548 | D:5      | Found a runed translucent gate.
  5549 | D:5      | Found a runed translucent gate.
  5551 | D:5      | Noticed bmj180's ghost (novice DrCj)
  5552 | D:5      | Identified the +11 spear of the First Friars {flame, rF+
                  | Will- MP+9 Int+5}
  5552 | D:5      | Identified the +0 scale mail of Iheqomi {Rampage *Corrode
                  | Str-2 Int+9}
  5609 | D:5      | Reached skill level 5 in Unarmed Combat
  5833 | D:5      | Reached XP level 7. HP: 43/45 MP: 7/10
  6151 | D:5      | Found a stormy altar of Qazlal.
  6531 | D:5      | Found a sacrificial altar of Ru.
  6537 | D:5      | Learned a level 4 spell: Ice Form
  6652 | D:5      | Found a bloodstained altar of Trog.
  6668 | D:5      | Reached skill level 6 in Unarmed Combat
  6867 | D:5      | Reached * piety under Makhleb
  7171 | D:5      | Reached XP level 8. HP: 54/54 MP: 7/11
  7619 | D:6      | Found a snail-covered altar of Cheibriados.
  7944 | D:6      | Reached skill level 7 in Unarmed Combat
  8543 | D:6      | Learned a level 5 spell: Hydra Form
  8821 | D:7      | Reached skill level 1 in Shields
  9061 | D:7      | Reached XP level 9. HP: 60/60 MP: 9/13
  9099 | D:7      | Found an ancient bone altar of Kikubaaqudgha.
  9101 | D:7      | Found an opulent altar of Gozag.
  9267 | D:7      | Reached skill level 5 in Fighting
  9342 | D:7      | Noticed a manticore
  9342 | D:7      | Noticed a two-headed ogre
  9803 | D:7      | Reached skill level 5 in Transmutations
 10540 | D:6      | Reached skill level 8 in Unarmed Combat
 12026 | D:7      | Noticed a cyan ugly thing
 12101 | D:7      | Reached XP level 10. HP: 66/66 MP: 16/16
 12145 | D:7      | Reached skill level 5 in Shields
 12808 | D:7      | HP: 3/66 [cyan ugly thing (16)]
 12810 | D:6      | Slain by a cyan ugly thing

Illustrated notes

Levels and vault maps discovered:
D:1:      wander_arrival_abandoned_jail, layout_loops_ring, serial_shops,
          shop_coins
D:2:      layout_loops_corners
D:3:      layout_loops_corners, hellmonk_ecumenical_altar_zigzags, minivault_23,
          minivault_11, minmay_fractal_squares_gapless_5
D:4:      layout_cave_pools, lemuel_blue_sif_altar,
          minmay_temple_entry_butterflies, uniq_sigmund
D:5:      minmay_inner_zag, layout_rooms, amcnicky_altar_gilded,
          nicolae_qazlal_scattered_showers, old_standard_altar,
          biasface_ghost_orc_armoury, ebering_dispersal_statue_hall,
          minmay_mini_ossuary
D:6:      layout_cave_pools, marbit_many_paths
D:7:      minmay_the_grid_octo_tiled_octocenter [minmay_the_grid_octo_checkered,
          minmay_the_grid_octo_fat_diamond, minmay_the_grid_octo_focus,
          minmay_the_grid_octo_clover, minmay_the_grid_octo_prize_big_c,
          minmay_the_grid_square_5x5_three_walls,
          minmay_the_grid_square_5x5_mess, minmay_the_grid_square_5x5_z,
          minmay_the_grid_square_5x5_seven], layout_basic,
          nicolae_overflow_hidden_temple, minivault_1
Temple:   cyrus_temple_forest

Skill      XL: |  1  2  3  4  5  6  7  8  9 10 |
---------------+-------------------------------+-----
Stealth        | 1 2 3 4 |  4.1
Fighting       | 2 3 4 5 |  5.0
Unarmed Combat | 4 5 6 7 8 |  8.0
Invocations    | 1 3 |  3.0
Transmutations | 3 4 6 |  6.8
Spellcasting   | 3 4 |  4.0
Shields        | 1 4 5 |  5.0
Dodging        | 3 4 |  4.8

Action                   |  1- 3 |  4- 6 |  7- 9 | 10-12 || total
-------------------------+-------+-------+-------+-------++-------
Melee: Unarmed           |    69 |   124 |   271 |    25 ||   489
       Tentacles         |    10 |    13 |    15 |     4 ||    42
       Constrict         |    13 |     7 |    16 |     1 ||    37
       Kick              |     4 |     4 |    14 |     8 ||    30
       Punch             |     2 |     2 |     3 |       ||     7
 Cast: Beastly Appendage |    12 |     5 |    11 |     3 ||    31
       Spider Form       |     5 |    21 |    37 |     2 ||    65
       Ice Form          |       |       |     4 |     1 ||     5
  Use: Scroll            |     8 |     2 |     9 |       ||    19
       Potion            |       |       |     4 |     1 ||     5
 Stab: Sleeping          |     6 |    15 |     7 |     2 ||    30
       Distracted        |       |       |     1 |       ||     1
Armor: Skin              |    10 |     7 |    20 |       ||    37
Dodge: Dodged            |    54 |    61 |   218 |    21 ||   354
Block: Kite shield       |       |       |    19 |    14 ||    33

Table legend: (Time is in decaauts)
 A = Elapsed time spent in this place.
 B = Non-inter-level travel time spent in this place.
 C = Inter-level travel time spent in this place.
 D = Time resting spent in this place.
 E = Time spent auto-exploring this place.
 F = Levels seen in this place.
 G = Mean time per level.
                   A        B        C        D        E       F      G
               +--------+--------+--------+--------+--------+-----+--------+
         Total |  12773 |  12243 |    530 |   3217 |   6609 |   8 | 1596.6 |
       Dungeon |  12672 |  12164 |    508 |   3217 |   6564 |   7 | 1810.3 |
        Temple |    100 |     78 |     22 |      0 |     45 |   1 |  100.0 |
               +--------+--------+--------+--------+--------+-----+--------+

Top non-repeatable levels by time:
     D:6: 2578 daAuts
     D:5: 2536 daAuts
     D:3: 1913 daAuts
     D:7: 1774 daAuts
     D:1: 1427 daAuts
     D:2: 1287 daAuts
     D:4: 1154 daAuts
  Temple: 100 daAuts
